 Dungeon Sprint DCSS version 0.26-a0-708-g17f3b190f9 (webtiles) character file.

Game seed: 406966372692490246

1260122 schets the Force of Nature (level 17, 106/191 HPs)
             Began as a Demonspawn Monk on Oct 27, 2020.
             Was the Champion of Fedhas.
             Escaped with the Orb
             ... and 1 rune!
             The game lasted 00:31:15 (7547 turns).

schets the Force of Nature (Demonspawn Monk)        Turns: 7547, Time: 00:31:16

Health: 106/191    AC: 40    Str: 16    XL:     17   Next: 23%
Magic:  34/34      EV: 11    Int: 17    God:    Fedhas [******]
Gold:   77         SH: 27    Dex: 19    Spells: 16/16 levels left

rFire    + + .     SeeInvis .   a - +5 broad axe
rCold    + . .     Faith    .   v - +1 tower shield
rNeg     . . .     Spirit   .   w - +2 gold dragon scales
rPois    +         Reflect  +   n - +0 helmet {Int+3}
rElec    .         Harm     .   b - +0 cloak
rCorr    .         Rampage  .   y - +1 pair of gloves
MR       +....     NoTele   +   (boots unavailable)
Stlth    ..........             d - amulet of reflection
HPRegen  0.41/turn              o - +3 ring of protection
MPRegen  0.24/turn              p - +3 ring of dexterity

@: hasted, studying Hexes, very quick
A: hooves 3, iridescent scales 3, blink, demonic guardian 2, deterioration 1,
fire resistance 1, ignite blood, robust 1, flame cloud immunity
0: Orb of Zot
}: 1/3 runes: golden
a: Blink, Wall of Briars, Grow Ballistomycete, Overgrow, Grow Oklob, Renounce
Religion


You escaped.
You worshipped Fedhas.
Fedhas was exalted by your worship.
You visited 1 branch You collected 77 gold pieces.

Inventory:

Hand Weapons
 a - a +5 broad axe (weapon)
 s - the +2 scimitar of Joyful Slaughter {elec, Str-3 Dex+5}
   (You found it in the Dungeon)

   Occasionally, upon striking a foe, it will discharge some electrical energy
   and cause terrible harm.
   It affects your strength (-3).
   It affects your dexterity (+5).
 t - the +5 short sword of Internal Strife {antimagic, rPois}
   (You found it in the Dungeon)

   It reduces the magical energy of the wielder, and disrupts the spells and
   magical abilities of those hit.
   Natural abilities and divine invocations are not affected.
   It protects you from poison.
Armour
 b - a +0 cloak (worn)
 n - a +0 helmet of intelligence (worn)
 v - a +1 tower shield (worn)
 w - +2 gold dragon scales (worn)
 x - a +1 pair of boots
 y - a +1 pair of gloves (worn)
Jewellery
 d - an amulet of reflection (around neck)
 e - the amulet of Iczi {Inacc rElec Int+4}
   (You found it in the Dungeon)

   [amulet of inaccuracy]

   It reduces the accuracy of all your attacks.
   It affects your intelligence (+4).
   It insulates you from electricity.
 o - a +3 ring of protection (left hand)
 p - a +3 ring of dexterity (right hand)
 z - the ring "Dimp" {rPois rF+}
   (You found it in the Dungeon)

   [ring of poison resistance]

   It protects you from fire.
   It protects you from poison.
 B - an uncursed ring of magical power
Wands
 D - a wand of paralysis (7)
Scrolls
 h - a scroll of blinking
 j - 3 scrolls of remove curse
 k - 5 scrolls of amnesia
 l - a scroll of summoning
 F - 2 scrolls of identify
 G - 2 scrolls of magic mapping
Potions
 c - 6 potions of curing
 f - a potion of magic
 g - 3 potions of berserk rage
 i - 2 potions of invisibility
 m - 2 potions of might
 q - 2 potions of stabbing
 r - a potion of brilliance
 E - a potion of flight
Books
 A - a manual of Hexes
Miscellaneous
 u - a lightning rod (4/4)


   Skills:
 O Level 27 Fighting
 - Level 11.1 Axes
 + Level 20.4 Armour
 + Level 20.6 Dodging
 - Level 1.7 Stealth
 + Level 18.5 Shields
 O Level 27 Invocations
 - Level 12.3 Evocations


You had 16 spell levels left.
You didn't know any spells.
Your spell library was empty.

Dungeon Overview and Level Annotations

Branches:
Dungeon (1/1)

Altars:
Ashenzari
Cheibriados
Dithmenos
Elyvilon
Fedhas
Gozag
Hepliaklqana
Kikubaaqudgha
Makhleb
Nemelex Xobeh
Okawaru
Qazlal
Ru
Sif Muna
Trog
Uskayaw
Vehumet
Wu Jian
Xom
Yredelemnul
Zin
The Shining One
Beogh
Jiyva
Lugonu


Innate Abilities, Weirdness & Mutations

You have hooves in place of feet.
You are completely covered in iridescent scales. (AC +6)
A demonic guardian rushes to your aid.
Your flesh is heat resistant. (rF+)
Your demonic aura causes spilled blood to erupt in flames.
You are robust. (+10% HP)
You are immune to clouds of flame.
You can translocate small distances at will.
Your body sometimes deteriorates upon taking damage.


Message History

A balrug, a torturous demonspawn and a blood saint come into view.
The torturous blood saint is wielding a +0 dagger and wearing a +0 robe of fire resistance.
The balrug is wielding a +1 demon whip of electrocution.
You feel yourself speed up.
There is a huge open gate here.
There is a huge open gate leading to the Armoury (Hard) here.
What are your orders? t - Shout!
Orders for allies: a - Attack new target. r - Retreat! s - Stop attacking. g - Guard the area. f - Follow me.
Anything else - Cancel.
Okay, then.
Press: ? - help, Dir - move target cursor
As you read the scroll of blinking, it crumbles to dust.
The torturous blood saint calls on the powers of chaos!
The balrug suddenly seems more agile.
The torturous demonspawn is filled with an inner flame.
There is an open door to the Entrance Hall (Safe) here.
There is a staircase leading out of the dungeon here.
You have escaped!

##########.##..............).ยง'..
#...........'..........6.....''4.
#'#####'#####......#..#......##..
#.#..#..#..##........6.2.....##.(
#.#..'..'..#####'#####++#########
#.##+####'###.......#
#.#.....P..##.......#
#.#........##.......#
#.#####'#####...@...#
#.#...)))[.##.......#
#.#...).)..##.......#
#'###########.......#
#.......#..##########
#...#...#)###########
#...#...#)#....#....#
#.##.##.#'#....#..[)#
#...#...)..)...'...)#


There were no monsters in sight!

Vanquished Creatures
  An ancient lich (D)
  2 golden dragons (D)
  3 Orb Guardians (D)
  2 quicksilver dragons (D)
  4 shadow dragons (D)
  A draconian knight (D)
  An iron dragon (D)
  An orc warlord (D)
  A frost giant (D)
  A fire giant (D)
  A reaper (D)
  A yellow draconian (D)
  A minotaur (D)
  A yaktaur captain (D)
  A death ooze (D)
  2 fire dragons (D)
  4 hydras (D)
  A naga warrior (D)
  2 ice dragons (D)
  Erica (D)
  A cherub (D)
  3 swamp dragons (D)
  4 orc knights (D)
  3 yaktaurs (D)
  A demonic crawler (D)
  A tyrant leech (D)
  4 merfolk (D)
  A redback (D)
  A large abomination (D)
  An eye of draining (D)
  A river rat (D)
  An ufetubus (D)
  An adder skeleton (D)
  4 ball lightnings (D)
  A ball python (D)
  A bat zombie (D)
  A quokka (D)
  A frilled lizard (D)
  2 giant cockroach zombies (D)
  A ballistomycete spore (D)
66 creatures vanquished.

Vanquished Creatures (collateral kills)
  Gloorx Vloq (D)
  Lom Lobon (D)
  2 ancient liches (D)
  An orb of fire (D)
  2 pandemonium lords (D)
  2 greater mummies (D)
  Margery (D)
  Frederick (D)
  A curse toe (D)
  9 golden dragons (D)
  A Brimstone Fiend (D)
  2 liches (D)
  A tentacled monstrosity (D)
  An Ice Fiend (D)
  22 Orb Guardians (D)
  A titan (D)
  2 deep elf blademasters (D)
  2 deep elf master archers (D)
  4 quicksilver dragons (D)
  An Executioner (D)
  A storm dragon (D)
  Agnes (D)
  5 shadow dragons (D)
  A draconian monk (D)
  A frost giant (D)
  An orc warlord (D)
  Louise (D)
  4 iron dragons (D)
  A draconian shifter (D)
  A draconian stormcaller (D)
  A draconian annihilator (D)
  A war gargoyle (D)
  2 green deaths (D)
  11 fire dragons (D)
  A merfolk javelineer (D)
  A death ooze (D)
  A deep elf high priest (D)
  2 vault guards (D)
  A rakshasa (D)
  6 ice dragons (D)
  A naga warrior (D)
  12 hydras (D)
  A spriggan berserker (D)
  3 deep elf knights (D)
  A cherub (D)
  5 hell knights (D)
  2 unseen horrors (D)
  3 iron trolls (D)
  8 swamp dragons (D)
  A necromancer (D)
  6 orc knights (D)
  A guardian serpent (D)
  An elephant (D)
  2 molten gargoyles (D)
  A smoke demon (D)
  A tormentor (D)
  A yaktaur (D)
  A hornet (D)
  2 spriggans (D)
  A tarantella (D)
  A wyvern (D)
  A basilisk (D)
  A steam dragon (D)
  2 water moccasins (D)
  An ice beast (D)
  A bullfrog (D)
  An orc priest (D)
  A hound (D)
  A white imp (D)
  A leopard gecko (D)
  3 orcs (D)
  A ball python skeleton (D)
  A bat (D)
  A frilled lizard (D)
  62 ballistomycete spores (D)
235 creatures vanquished.

Vanquished Creatures (others)
  An Orb Guardian (D)
  A balrug (D)
  A death ooze (D)
  A hydra (D)
  A big kobold (D)
  8 ball lightnings (D)
  21 ballistomycete spores (D)
  2 blocks of ice (D)
36 creatures vanquished.

Grand Total: 337 creatures vanquished

Notes
Turn   | Place    | Note
-------+----------+-------------------------------------------
     0 | D        | schets the Demonspawn Monk began the quest for the Orb.
     0 | D        | Reached XP level 1. HP: 18/18 MP: 1/1
    26 | D        | Found a bloodstained altar of Trog.
    26 | D        | Found a shimmering blue altar of Sif Muna.
    26 | D        | Found a viscous altar of Jiyva.
    26 | D        | Found a hazy altar of Hepliaklqana.
    26 | D        | Found an opulent altar of Gozag.
    27 | D        | Found a glowing golden altar of the Shining One.
    27 | D        | Found a glowing silver altar of Zin.
    27 | D        | Found a basalt altar of Yredelemnul.
    27 | D        | Found a shimmering altar of Xom.
    27 | D        | Found an ornate altar of the Wu Jian Council.
    27 | D        | Found a sacrificial altar of Ru.
    27 | D        | Found a stormy altar of Qazlal.
    27 | D        | Found an iron altar of Okawaru.
    27 | D        | Found a sparkling altar of Nemelex Xobeh.
    27 | D        | Found a burning altar of Makhleb.
    27 | D        | Found a blossoming altar of Fedhas.
    27 | D        | Found a white marble altar of Elyvilon.
    27 | D        | Found a shadowy altar of Dithmenos.
    27 | D        | Found a snail-covered altar of Cheibriados.
    28 | D        | Found a radiant altar of Vehumet.
    28 | D        | Found a corrupted altar of Lugonu.
    28 | D        | Found a roughly hewn altar of Beogh.
    29 | D        | Found an ancient bone altar of Kikubaaqudgha.
    29 | D        | Found a hide-covered altar of Uskayaw.
    29 | D        | Found a broken altar of Ashenzari.
   148 | D        | Became a worshipper of Fedhas Madash
   148 | D        | Reached * piety under Fedhas
   148 | D        | Reached ** piety under Fedhas
   184 | D        | Reached skill level 1 in Invocations
   520 | D        | Reached *** piety under Fedhas
   520 | D        | Reached skill level 1 in Armour
   520 | D        | Gained mutation: You are partially covered in iridescent
                  | scales. (AC +2) [demonic ancestry]
   520 | D        | Reached XP level 2. HP: 23/25 MP: 4/4
   807 | D        | Noticed a bullfrog
   817 | D        | Killed a bullfrog
   817 | D        | Gained mutation: Your flesh is heat resistant. (rF+)
                  | [demonic ancestry]
   817 | D        | Reached XP level 3. HP: 32/32 MP: 2/6
   825 | D        | Reached **** piety under Fedhas
  1108 | D        | Noticed an ice beast
  1108 | D        | Noticed a water moccasin
  1132 | D        | Killed a water moccasin
  1132 | D        | Reached skill level 5 in Fighting
  1132 | D        | Reached XP level 4. HP: 38/39 MP: 3/8
  1152 | D        | Killed an ice beast
  1152 | D        | Reached XP level 5. HP: 47/47 MP: 1/10
  1844 | D        | Noticed a steam dragon
  1850 | D        | Killed a steam dragon
  1850 | D        | Reached skill level 5 in Dodging
  2129 | D        | Noticed a molten gargoyle
  2129 | D        | Noticed a demonic crawler
  2134 | D        | Killed a molten gargoyle
  2134 | D        | Reached skill level 5 in Axes
  2134 | D        | Gained mutation: A weak demonic guardian rushes to your
                  | aid. [demonic ancestry]
  2134 | D        | Reached XP level 6. HP: 56/56 MP: 3/13
  2141 | D        | Killed a demonic crawler
  2141 | D        | Reached skill level 5 in Armour
  2141 | D        | Reached skill level 10 in Invocations
  2141 | D        | Gained mutation: You are immune to clouds of flame.
                  | [demonic ancestry]
  2141 | D        | Reached XP level 7. HP: 63/63 MP: 4/14
  2155 | D        | Reached ***** piety under Fedhas
  2210 | D        | Got the +2 scimitar of Joyful Slaughter {elec, Str-3 Dex+5}
  2317 | D        | Noticed Erica
  2324 | D        | Killed an unseen horror
  2333 | D        | Killed Erica
  2333 | D        | Reached skill level 10 in Fighting
  2333 | D        | Gained mutation: Your demonic aura causes spilled blood to
                  | erupt in flames. [demonic ancestry]
  2333 | D        | Reached XP level 8. HP: 38/72 MP: 3/17
  2684 | D        | Noticed a merfolk
  2687 | D        | Noticed a merfolk javelineer
  2692 | D        | Noticed a merfolk
  2699 | D        | Noticed a merfolk
  2701 | D        | Noticed a merfolk
  2703 | D        | Killed a merfolk javelineer
  2705 | D        | Killed a merfolk
  2708 | D        | Killed a merfolk
  2708 | D        | Gained mutation: You are mostly covered in iridescent
                  | scales. (AC +4) [demonic ancestry]
  2708 | D        | Reached XP level 9. HP: 45/81 MP: 7/19
  2709 | D        | Killed a merfolk
  2717 | D        | Killed a merfolk
  3376 | D        | Noticed a tyrant leech
  3384 | D        | Killed a tyrant leech
  3514 | D        | Noticed a molten gargoyle
  3518 | D        | Killed a molten gargoyle
  3539 | D        | Noticed a smoke demon
  3539 | D        | Noticed a rakshasa
  3559 | D        | Killed a rakshasa
  3559 | D        | Reached skill level 15 in Invocations
  3560 | D        | Killed a smoke demon
  3965 | D        | Noticed a spriggan berserker
  3967 | D        | Killed a spriggan berserker
  3967 | D        | Gained mutation: You have large cloven feet. [demonic
                  | ancestry]
  3967 | D        | Reached XP level 10. HP: 91/91 MP: 1/21
  3971 | D        | Noticed an orc knight
  3971 | D        | Noticed an orc knight
  3971 | D        | Noticed an orc knight
  3971 | D        | Noticed an orc knight
  3971 | D        | Noticed an orc knight
  3971 | D        | Noticed an orc knight
  3972 | D        | Noticed an orc warlord
  3972 | D        | Noticed an orc warlord
  3974 | D        | Noticed an orc knight
  3974 | D        | Killed an orc knight
  3975 | D        | Noticed an orc knight
  3976 | D        | Killed an orc knight
  3976 | D        | Noticed an elephant
  3977 | D        | Noticed a deep elf knight
  3977 | D        | Killed an orc knight
  3979 | D        | Killed an orc knight
  3981 | D        | Killed an orc warlord
  3982 | D        | Noticed a yellow draconian
  3982 | D        | Noticed a deep elf knight
  3982 | D        | Killed a deep elf knight
  3983 | D        | Noticed a yaktaur captain
  3987 | D        | Killed an orc knight
  3987 | D        | Killed an orc warlord
  3989 | D        | Killed an orc knight
  3989 | D        | Reached ****** piety under Fedhas
  3995 | D        | Killed an orc knight
  3996 | D        | Killed an elephant
  3996 | D        | Reached skill level 10 in Axes
  3996 | D        | Gained mutation: You have hoof-like feet. [demonic
                  | ancestry]
  3996 | D        | Reached XP level 11. HP: 66/100 MP: 4/23
  3998 | D        | Noticed an orc knight
  3999 | D        | Noticed a vault guard
  4000 | D        | Killed a deep elf knight
  4000 | D        | Reached skill level 10 in Dodging
  4014 | D        | Killed an orc knight
  4021 | D        | Killed a vault guard
  4025 | D        | Noticed a minotaur
  4027 | D        | Killed a yaktaur captain
  4027 | D        | Reached skill level 10 in Armour
  4032 | D        | Killed a yellow draconian
  4032 | D        | Reached skill level 15 in Fighting
  4032 | D        | Killed a minotaur
  4054 | D        | Noticed a naga warrior
  4058 | D        | Killed a naga warrior
  4177 | D        | Killed an orc knight
  4578 | D        | Noticed a deep elf knight
  4578 | D        | Noticed a naga warrior
  4579 | D        | Noticed a cherub
  4582 | D        | Killed a deep elf knight
  4584 | D        | Noticed a vault guard
  4585 | D        | Noticed an orc knight
  4585 | D        | Killed a naga warrior
  4590 | D        | Killed a vault guard
  4593 | D        | Killed an orc knight
  4595 | D        | Killed a cherub
  4740 | D        | Found the +8 glaive of the Guard {elec, +Rage AC+5 SInv}
  4760 | D        | Got the +5 short sword of Internal Strife {antimagic,
                  | rPois}
  4818 | D        | Noticed an unseen horror
  4818 | D        | Noticed a cherub
  4818 | D        | Noticed a deep elf master archer
  4818 | D        | Noticed a swamp dragon
  4818 | D        | Noticed a spriggan rider
  4818 | D        | Noticed Agnes
  4819 | D        | Killed an unseen horror
  4821 | D        | Killed a deep elf master archer
  4821 | D        | Reached skill level 1 in Shields
  4821 | D        | Gained mutation: You have hooves in place of feet. [demonic
                  | ancestry]
  4821 | D        | Reached XP level 12. HP: 111/111 MP: 4/25
  4825 | D        | Killed Agnes
  4959 | D        | Noticed a frost giant
  4959 | D        | Noticed an ancient lich
  4959 | D        | Noticed a frost giant
  4959 | D        | Noticed a balrug
  4960 | D        | Killed a frost giant
  4963 | D        | Killed a balrug
  4964 | D        | Noticed a lich
  4965 | D        | Killed a frost giant
  4967 | D        | Killed an ancient lich
  4967 | D        | Reached skill level 5 in Shields
  4970 | D        | Noticed a green death
  4970 | D        | Killed a lich
  4970 | D        | Reached XP level 13. HP: 49/122 MP: 7/27
  4971 | D        | Killed a green death
  5345 | D        | Noticed an Orb Guardian
  5345 | D        | Noticed an Orb Guardian
  5345 | D        | Noticed an Orb Guardian
  5347 | D        | Killed an Orb Guardian
  5347 | D        | Killed an Orb Guardian
  5347 | D        | Killed an Orb Guardian
  5348 | D        | Noticed an Orb Guardian
  5349 | D        | Noticed a fire dragon
  5350 | D        | Killed an Orb Guardian
  5352 | D        | Killed a fire dragon
  5354 | D        | Noticed an Orb Guardian
  5355 | D        | Killed an Orb Guardian
  5365 | D        | Noticed Louise
  5365 | D        | Noticed an Executioner
  5370 | D        | Killed Louise
  5371 | D        | Noticed an ancient lich
  5371 | D        | Killed an Executioner
  5375 | D        | Killed an ancient lich
  5378 | D        | Noticed a lich
  5380 | D        | Killed a lich
  5381 | D        | Noticed a deep elf master archer
  5383 | D        | Killed a deep elf master archer
  5392 | D        | Noticed an Orb Guardian
  5392 | D        | Noticed an Orb Guardian
  5396 | D        | Killed an Orb Guardian
  5398 | D        | Killed an Orb Guardian
  5398 | D        | Gained mutation: You are robust. (+10% HP) [demonic
                  | ancestry]
  5398 | D        | Reached XP level 14. HP: 57/147 MP: 15/30
  5405 | D        | Noticed a fire giant
  5409 | D        | Killed a fire giant
  5887 | D        | Noticed Frederick
  5901 | D        | Killed Frederick
  6018 | D        | Noticed a shadow dragon
  6018 | D        | Noticed a green draconian monk
  6018 | D        | Noticed a green draconian annihilator
  6018 | D        | Noticed a green draconian stormcaller
  6018 | D        | Noticed Gloorx Vloq
  6018 | D        | Noticed an Orb Guardian
  6019 | D        | Noticed an Orb Guardian
  6019 | D        | Killed a green draconian annihilator
  6022 | D        | Killed Gloorx Vloq
  6022 | D        | Reached skill level 10 in Shields
  6024 | D        | Killed a shadow dragon
  6025 | D        | Noticed a titan
  6026 | D        | Killed an Orb Guardian
  6027 | D        | Killed a titan
  6028 | D        | Killed an Orb Guardian
  6029 | D        | Noticed an Ice Fiend
  6031 | D        | Killed a green draconian monk
  6032 | D        | Noticed a deep elf blademaster
  6033 | D        | Killed an Ice Fiend
  6033 | D        | Noticed a greater mummy
  6034 | D        | Killed a green draconian stormcaller
  6035 | D        | Killed a deep elf blademaster
  6037 | D        | Killed a greater mummy
  6037 | D        | Reached skill level 15 in Dodging
  6039 | D        | Noticed an Orb Guardian
  6039 | D        | Noticed an Orb Guardian
  6040 | D        | Killed an Orb Guardian
  6041 | D        | Killed an Orb Guardian
  6043 | D        | Noticed an Orb Guardian
  6044 | D        | Killed an Orb Guardian
  6045 | D        | Noticed an Orb Guardian
  6046 | D        | Killed an Orb Guardian
  6046 | D        | Reached skill level 15 in Armour
  6309 | D        | Noticed a tentacled monstrosity
  6310 | D        | Noticed Margery
  6312 | D        | Noticed Tose the pandemonium lord
  6312 | D        | Reached skill level 1 in Evocations
  6313 | D        | Killed a tentacled monstrosity
  6316 | D        | Killed Tose the pandemonium lord
  6316 | D        | Noticed a Brimstone Fiend
  6318 | D        | Killed Margery
  6318 | D        | Gained mutation: You are completely covered in iridescent
                  | scales. (AC +6) [demonic ancestry]
  6318 | D        | Reached XP level 15. HP: 149/160 MP: 2/32
  6318 | D        | Noticed an Orb Guardian
  6318 | D        | Noticed an Orb Guardian
  6319 | D        | Noticed an Orb Guardian
  6319 | D        | Noticed an Orb Guardian
  6320 | D        | Noticed a storm dragon
  6321 | D        | Killed an Orb Guardian
  6321 | D        | Killed an Orb Guardian
  6322 | D        | Killed a Brimstone Fiend
  6323 | D        | Killed an Orb Guardian
  6323 | D        | Killed an Orb Guardian
  6323 | D        | Reached skill level 27 in Invocations
  6324 | D        | Noticed an ancient lich
  6324 | D        | Noticed a deep elf blademaster
  6326 | D        | Killed an ancient lich
  6326 | D        | Reached skill level 5 in Evocations
  6326 | D        | Killed a deep elf blademaster
  6328 | D        | Noticed an Orb Guardian
  6329 | D        | Killed an Orb Guardian
  6331 | D        | Killed a storm dragon
  6334 | D        | Noticed an Orb Guardian
  6334 | D        | Noticed an Orb Guardian
  6334 | D        | Killed an Orb Guardian
  6335 | D        | Killed an Orb Guardian
  6343 | D        | Noticed an Orb Guardian
  6344 | D        | Noticed an Orb Guardian
  6346 | D        | Killed an Orb Guardian
  6348 | D        | Killed an Orb Guardian
  6357 | D        | Noticed an Orb Guardian
  6357 | D        | Noticed an Orb Guardian
  6357 | D        | Noticed an Orb Guardian
  6357 | D        | Noticed a curse toe
  6363 | D        | Killed an Orb Guardian
  6364 | D        | Killed an Orb Guardian
  6366 | D        | Killed an Orb Guardian
  6370 | D        | Killed a curse toe
  6378 | D        | Noticed an Orb Guardian
  6382 | D        | Killed an Orb Guardian
  6391 | D        | Noticed a greater mummy
  6392 | D        | Noticed Bupput the pandemonium lord
  6403 | D        | Killed Bupput the pandemonium lord
  6407 | D        | Noticed a shadow dragon
  6408 | D        | Killed a greater mummy
  6412 | D        | Killed a shadow dragon
  6433 | D        | Noticed a red draconian knight
  6433 | D        | Noticed Lom Lobon
  6434 | D        | Noticed an orb of fire
  6442 | D        | Gained mutation: Your body sometimes deteriorates upon
                  | taking damage. [an orb of fire]
  6442 | D        | Gained mutation: You can translocate small distances at
                  | will. [an orb of fire]
  6451 | D        | Killed an orb of fire
  6475 | D        | Killed a red draconian knight
  6493 | D        | Killed Lom Lobon
  6493 | D        | Reached skill level 10 in Evocations
  6871 | D        | Noticed a golden dragon
  6871 | D        | Noticed a golden dragon
  6871 | D        | Noticed a quicksilver dragon
  6871 | D        | Noticed a golden dragon
  6871 | D        | Noticed an iron dragon
  6871 | D        | Noticed a golden dragon
  6871 | D        | Noticed a golden dragon
  6875 | D        | Killed a golden dragon
  6875 | D        | Reached XP level 16. HP: 174/176 MP: 17/33
  6877 | D        | Killed a golden dragon
  6879 | D        | Killed a golden dragon
  6881 | D        | Noticed a golden dragon
  6883 | D        | Killed a golden dragon
  6883 | D        | Killed a golden dragon
  6883 | D        | Reached skill level 15 in Shields
  6884 | D        | Noticed a golden dragon
  6884 | D        | Killed a golden dragon
  6885 | D        | Noticed a shadow dragon
  6887 | D        | Noticed a quicksilver dragon
  6892 | D        | Killed a golden dragon
  6892 | D        | Killed a quicksilver dragon
  6892 | D        | Killed a shadow dragon
  6896 | D        | Noticed a shadow dragon
  6898 | D        | Noticed a shadow dragon
  6898 | D        | Killed a shadow dragon
  6899 | D        | Noticed a golden dragon
  6901 | D        | Killed a quicksilver dragon
  6903 | D        | Killed a shadow dragon
  6903 | D        | Killed a golden dragon
  6904 | D        | Noticed a golden dragon
  6906 | D        | Killed a golden dragon
  6918 | D        | Noticed a quicksilver dragon
  6921 | D        | Killed a quicksilver dragon
  6924 | D        | Noticed a shadow dragon
  6926 | D        | Noticed a quicksilver dragon
  6931 | D        | Noticed a quicksilver dragon
  6935 | D        | Killed a quicksilver dragon
  6940 | D        | Killed a quicksilver dragon
  6944 | D        | Killed a shadow dragon
  6946 | D        | Noticed a shadow dragon
  6949 | D        | Killed a shadow dragon
  6950 | D        | Noticed a golden dragon
  6952 | D        | Killed a golden dragon
  6952 | D        | Gained mutation: A demonic guardian rushes to your aid.
                  | [demonic ancestry]
  6952 | D        | Reached XP level 17. HP: 55/190 MP: 20/34
  7063 | D        | Noticed a golden dragon
  7067 | D        | Killed a golden dragon
  7067 | D        | Reached skill level 27 in Fighting
  7304 | D        | Got the amulet of Iczi {Inacc rElec Int+4}
  7310 | D        | Got the ring "Dimp" {rPois rF+}
  7319 | D        | Noticed a quicksilver dragon
  7331 | D        | Killed a quicksilver dragon
  7343 | D        | Got a golden rune of Zot
  7447 | D        | Got the Orb of Zot
  7463 | D        | Noticed a lich
  7517 | D        | Noticed an Ice Fiend
  7547 | D        | Escaped with the Orb!

Illustrated notes

Levels and vault maps discovered:
D:        pitsprint [storerooms_1, entrance_room_1, metal_vault_1, armoury_1,
          mini_pit_1, grid_room_1, main_hall_1, silver_pit, the_coven_2,
          the_vestibule_1, steel_vault_1, golden_pit, hallway_of_sentries,
          crystal_vault_2, iron_vault_2, final_vault]

Skill      XL: |  1  2  3  4  5  6  7  8  9 10 11 12 13 14 15 16 17 |
---------------+----------------------------------------------------+-----
Invocations    | 2 4 6 7 9 10 12 13 15 17 19 21 24 26 27 | 27.0
Axes           | 3 4 5 6 7 8 10 11 | 11.1
Dodging        | 3 4 5 6 7 8 9 11 12 13 15 17 19 20 | 20.6
Fighting       | 4 5 6 8 10 11 12 14 16 17 19 21 24 26 27 | 27.0
Armour         | 1 2 3 4 5 6 7 8 9 10 12 13 15 17 19 20 | 20.4
Shields        | 1 6 9 11 14 17 18 | 18.5
Evocations     | 3 10 12 | 12.3
Stealth        | |  1.7

Action                   |  1- 3 |  4- 6 |  7- 9 | 10-12 | 13-15 | 16-18 || total
-------------------------+-------+-------+-------+-------+-------+-------++-------
Melee: Hand axe          |    30 |     4 |       |       |       |       ||    34
       Scimitar          |       |       |     3 |     2 |       |       ||     5
       Kick              |       |       |       |     1 |     2 |     3 ||     6
       Broad axe         |       |       |       |       |     6 |     9 ||    15
Invok: Wall of Briars    |     2 |     2 |     4 |     2 |     2 |     3 ||    15
       Grow Ballistomyce |     1 |     1 |     4 |     4 |     5 |     3 ||    18
       Overgrow          |       |     1 |       |       |     6 |       ||     7
       Grow Oklob        |       |       |     7 |     8 |    24 |     5 ||    44
 Abil: Blink             |       |       |       |       |     1 |       ||     1
  Use: Potion            |     2 |     1 |     3 |     2 |     6 |     2 ||    16
       Scroll            |       |       |       |       |       |     1 ||     1
 Stab: Distracted        |       |       |       |       |       |     1 ||     1
Armor: Robe              |    12 |       |       |       |       |       ||    12
       Plate armour      |    23 |     9 |    15 |     8 |       |       ||    55
       Gold dragon scale |       |       |       |     1 |     8 |    24 ||    33
Dodge: Dodged            |    40 |     1 |     4 |     4 |     2 |    12 ||    63
Block: Tower shield      |       |       |       |     1 |     7 |    32 ||    40
       Rpst.: Scimitar   |       |       |     1 |       |       |       ||     1

Table legend: (Time is in decaauts)
 A = Elapsed time spent in this place.
 B = Non-inter-level travel time spent in this place.
 C = Inter-level travel time spent in this place.
 D = Time resting spent in this place.
 E = Time spent auto-exploring this place.
 F = Levels seen in this place.
 G = Mean time per level.
                   A        B        C        D        E       F      G
               +--------+--------+--------+--------+--------+-----+--------+
         Total |   7581 |   7181 |    400 |   5110 |      0 |   1 | 7581.0 |
       Dungeon |   7581 |   7181 |    400 |   5110 |      0 |   1 | 7581.0 |
               +--------+--------+--------+--------+--------+-----+--------+

Top non-repeatable levels by time:
       D: 7581 daAuts
